[Event "10th Cherry Blossom Classic 2023"]
[Site "Dulles"]
[Date "2023.05.28"]
[Round "5.17"]
[White "Laddha, Yash Jayesh"]
[Black "Ismayilova, Khanim"]
[Result "1/2-1/2"]
[ECO "B33"]
[WhiteElo "2195"]
[BlackElo "1562"]
[Annotator "TA"]
[PlyCount "109"]
[EventDate "2023.05.24"]
[EventType "swiss"]
[EventCountry "USA"]
[SourceTitle "playchess.com"]
[Source "ChessBase"]
[SourceQuality "1"]
[TimeControl "5400+30"]

1. e4 c5 2. Nf3 Nc6 3. d4 cxd4 4. Nxd4 Nf6 5. Nc3 e5 6. Ndb5 d6 7. Bg5 a6 8. Na3 b5 9. Nd5 Be7 10. Bxf6 Bxf6 11. c3 O-O 12. Nc2 Bg5 13. a4 bxa4 14. Rxa4 a5 15. Bc4 Rb8 16. b3 Kh8 17. Nce3 {[%emt 0:00:50] B33: Sicilian: Pelikan and Sveshnikov Variations.} Be6 18. h4 Bxe3 19. Nxe3 {[%emt 0:00:06] White is slightly better.} Bxc4 20. Rxc4 Ne7 {[%emt 0:05:44] [#]} 21. O-O $146 ({Predecessor:} 21. h5 h6 22. g4 f6 23. O-O Qb6 24. b4 axb4 25. cxb4 Rfc8 26. Rxc8+ Rxc8 27. Qd2 {0-1 Rogacka,N (1509)-Karykowska,A (1528) POL-chT U19 2nd League 2014 (2.59)}) 21... f5 22. Nxf5 Nxf5 23. exf5 Rxf5 24. Qd5 Rxb3 25. Rc6 Rb8 26. Rxd6 (26. Qxd6 {simplifies} Qxd6 27. Rxd6 Kg8 28. Ra6) 26... Qxh4 {[%emt 0:01:34] White must now prevent ...Rh5.} 27. g3 Qg5 28. Rd1 Rbf8 $40 {[%emt 0:01:46][%mdl 128] Black has some attack.} 29. Rd2 a4 30. Ra6 Qg4 (30... h6 $5 31. Ra8 (31. Rxa4 e4 $17) 31... a3 32. Rxf8+ (32. Rxa3 e4 $17) 32... Rxf8 $17) 31. Qc6 Qg5 32. Qd5 h6 33. Rd6 {[%emt 0:13:38] [#]} ({Reject} 33. Rxa4 e4 34. Qd4 Rf3 $17) (33. Ra8 $1 $15) 33... e4 34. Qd4 {[%emt 0:04:17] [#]} (34. Qxe4 $11 Rxf2 {[%mdl 64] Remove Defender, Decoy} 35. Rxf2 Qxg3+ 36. Rg2 Qxd6 37. Qxa4) 34... Rf3 $2 (34... a3 $1 $19 {and Black stays clearly on top. Strongly threatening ...h5.} 35. Kg2 Ra5) 35. Qxe4 $17 Rxf2 $1 {[%emt 0:00:22][%mdl 64] Remove Defender, Decoy} ({Stronger than} 35... Rxc3 36. R6d5 Qf6 37. Rd6 $15) 36. Rxh6+ $2 (36. Rxf2 $19 Qxg3+ 37. Rg2 Qxd6 38. Qxa4) 36... Qxh6 $2 (36... gxh6 {mates} 37. Qd4+ R2f6 38. Rd3 a3 39. Kg2 a2 40. c4 Qg7 41. Rd1 Rf2+ {[%mdl 64] Promotion} 42. Qxf2 Rxf2+ 43. Kxf2 a1=Q 44. Rxa1 Qxa1 45. c5 Qd4+ 46. Kf3 Qxc5 47. Kf4 Kg7 48. g4 Kf6 49. Ke4 Kg5 50. Kd3 Kxg4 51. Kd2 h5 52. Ke2 Qd4 53. Kf1 Qd2 54. Kg1 Kg3 55. Kh1 Qh2#) 37. Rxf2 {[%emt 0:00:05][%cal Rf2f8][%mdl 4096] Endgame KQR-KQR. The position is equal.} Qc1+ 38. Kg2 Rxf2+ 39. Kxf2 $11 {[%emt 0:00:04] KQ-KQ} Qd2+ 40. Kg1 Qc1+ 41. Kg2 Qd2+ 42. Kg1 Qc1+ 43. Kg2 a3 44. Qe8+ Kh7 45. Qh5+ Qh6 46. Qf5+ Qg6 47. Qh3+ Qh6 {[%emt 0:00:12] ( -> ...Qxh3+)} 48. Qf5+ g6 49. Qd7+ Qg7 50. Qh3+ Kg8 51. Qc8+ Qf8 52. Qa6 Kg7 {[%emt 0:00:48] ...Qe7 is the strong threat.} 53. Qa7+ Kh6 54. Qe3+ Kg7 {[%emt 0:00:12] Threatens to win with ...a2.} (54... g5 $5 55. Qe6+ Kg7 56. Qd7+ Kf6 57. Qc6+ Kg7 $17) 55. Qa7+ {[%emt 0:00:00] Weighted Error Value: White=0.26 (precise) /Black=0.26 (precise)} 1/2-1/2

[Event "10th Cherry Blossom Classic 2023"]
[Site "Dulles"]
[Date "2023.05.28"]
[Round "5.18"]
[White "Samuelson, Andrew"]
[Black "Prabhu, Naveen"]
[Result "0-1"]
[ECO "B12"]
[WhiteElo "2019"]
[BlackElo "2138"]
[Annotator "TA"]
[PlyCount "68"]
[EventDate "2023.05.24"]
[EventType "swiss"]
[EventCountry "USA"]
[SourceTitle "playchess.com"]
[Source "ChessBase"]
[SourceQuality "1"]
[TimeControl "5400+30"]

1. e4 c6 2. d4 d5 3. e5 c5 4. Nf3 cxd4 5. Qxd4 Nc6 6. Qf4 {[%emt 0:00:05] B12: Caro-Kann: Advance Variation.} e6 7. Bd3 Nb4 8. O-O {[%emt 0:00:08] The position is equal.} Nxd3 (8... Bd7 {keeps more tension.} 9. Bxh7 Rxh7 10. Ng5 Nh6) 9. cxd3 Ne7 10. Nc3 Ng6 11. Qg4 Be7 12. Re1 O-O 13. Bg5 {[%emt 0:02:50] [#]} f6 $146 ({Predecessor:} 13... Bxg5 14. Nxg5 h6 15. Nf3 Bd7 16. a4 a5 17. h4 Rc8 18. Re3 Qb6 19. Nxd5 Qxb2 {0-1 Zelcic,R (2460)-Eingorn,V (2570) Bern op 1994 (8)}) 14. exf6 gxf6 (14... Bxf6 {simplifies} 15. Bxf6 Rxf6 16. d4 Bd7) 15. Bh6 Rf7 16. h4 (16. d4 $14) 16... Bf8 $11 17. Bxf8 {[%emt 0:00:23] [#] Hoping for Bh6.} (17. Bd2 $5 e5 18. Qg3 $15) 17... Kxf8 (17... e5 $1 $11 18. Qa4 Nxf8) 18. h5 (18. Qb4+ $1 $14 Kg8 19. h5) 18... Ne7 19. Qb4 a5 20. Qa3 e5 21. Nb5 Rg7 (21... Bg4 $5 22. d4 e4 $15) 22. Nd6 Ra6 23. Nxc8 Qxc8 24. d4 $2 {[%emt 0:04:26][%mdl 8192] Loses the game.} (24. Rec1 $11 Qd7 25. Rc5) 24... Qh3 $19 {[%emt 0:05:05][%csl Gg7][%cal Rh3g2] [#]} 25. g3 e4 {[%emt 0:00:15] And now ...f5 would win.} ({Less strong is} 25... Qxh5 26. dxe5 f5 27. Rac1 $16 (27. e6 Kg8 $16)) 26. Nd2 $2 (26. Rac1) 26... f5 {[%emt 0:02:30] aiming for ...Rh6.} (26... Qxh5 $2 {is the wrong capture.} 27. Rac1 $19) 27. Qe3 {[%emt 0:02:25] Repels Rh6} Rf6 {[%emt 0:01:30] Strongly threatening ...f4.} 28. Qf4 Rg4 29. Qe5 Rh6 {[%emt 0:01:51] Black mates.} 30. Nf1 Qxh5 31. Nh2 Qxh2+ 32. Kf1 Qh1+ 33. Ke2 Qf3+ 34. Kd2 Qd3+ {[%emt 0:00:04] Weighted Error Value: White=0.65/Black=0.07 (flawless)} 0-1

[Event "10th Cherry Blossom Classic 2023"]
[Site "Dulles"]
[Date "2023.05.28"]
[Round "5.19"]
[White "Vinod, Aarush"]
[Black "Kanli, Alperen"]
[Result "0-1"]
[ECO "B12"]
[WhiteElo "1914"]
[BlackElo "2111"]
[Annotator "TA"]
[PlyCount "104"]
[EventDate "2023.05.24"]
[EventType "swiss"]
[EventCountry "USA"]
[SourceTitle "playchess.com"]
[Source "ChessBase"]
[SourceQuality "1"]
[TimeControl "5400+30"]

1. e4 c6 2. d4 d5 3. e5 c5 4. dxc5 e6 5. a3 Bxc5 6. Qg4 {[%emt 0:00:08] B12: Caro-Kann: Advance Variation.} Ne7 7. Nf3 Ng6 (7... Qb6 {is more appropriate.}) 8. b4 (8. Bd3 $142) 8... Bb6 9. Bd3 Nc6 10. Bb2 Qc7 11. O-O O-O 12. Re1 f5 13. Qg3 a5 $1 14. b5 Nb8 {[%emt 0:01:18][%cal Bc6b8,Bb8d7,Bd7c5,Bc5e4][%mdl 32] [#]} 15. Nc3 $146 ({Predecessor:} 15. c4 dxc4 16. Rc1 Rd8 17. Bf1 Qc5 18. Rc2 Qxb5 19. Nbd2 Ba7 20. Nxc4 Qa4 21. Rac1 Nc6 22. Ng5 Nf8 23. h4 Rd7 {½-½ Bontems,C (2230)-Pierron,P (2201) FRA Cup/21/1T/05 email 2021}) 15... a4 $1 16. Ne2 {[%emt 0:09:37] With the idea Ned4.} Nd7 17. Nf4 (17. h4 $11) 17... Nxf4 $15 18. Qxf4 Nc5 (18... Qc5 19. Bd4 Qe7 20. Bxb6 Nxb6 21. Qd4 $14) 19. Bd4 Bd7 20. Rab1 Ne4 {[%emt 0:00:53] Black wants to play ...Bxd4.} 21. Qe3 f4 22. Qe2 Bxd4 23. Nxd4 Qxe5 (23... Qc3 $11 {keeps the balance.} 24. Bxe4 Qxd4) 24. Nf3 {[%emt 0:00:49][%mdl 64] Deflection} Qc3 (24... Qf5 $142) 25. Bxe4 $16 dxe4 26. Qxe4 Qxa3 27. Ng5 (27. Qxb7 Rfd8 $16) 27... g6 28. Qxb7 Qe7 {[%emt 0:00:22] [#]} 29. Nxe6 $2 {[%emt 0:08:18][%mdl 8192] Now White is beyond hope.} Rfe8 $19 30. Qxa8 $2 (30. h4 Bxe6 {[%mdl 64] Discovered Attack} 31. Qxe7 Rxe7 32. b6) 30... Rxa8 31. Nc7 Qd8 32. Nxa8 Qxa8 33. b6 Bc6 {[%emt 0:00:18][%cal Oa4a3] aiming for ...a3!} 34. Re7 {[%emt 0:00:00] [#] Threatens to win with b7.} a3 $1 (34... Bxg2 35. Ra7 (35. b7 Bxb7 36. Rbxb7 Qf8 $11) 35... Qc8 36. Kxg2 Qg4+ 37. Kf1 $11) 35. Ra7 {[%emt 0:00:00] [#]} Qd8 {[%emt 0:02:41] And now ...Qg5 would win.} ({But not} 35... Qf8 36. b7 Bxb7 37. Rbxb7 $18) 36. b7 (36. f3 $142 Qd4+ 37. Kh1) 36... Bxb7 $1 {[%emt 0:00:12][%cal Oa3a2][%mdl 64] White must now prevent ...a2! Promotion} 37. Raxb7 $2 {[%emt 0:00:00][%mdl 4096] Endgame KQ-KRR} (37. h4 Bc6 38. c4) 37... a2 38. Re1 Qa8 39. Rbb1 axb1=Q 40. Rxb1 {[%emt 0:00:03] KQ-KR} Qa2 41. Re1 Qxc2 42. h3 Kg7 43. Rf1 Kf6 44. Kh2 g5 45. f3 h5 {[%emt 0:00:01] Black mates.} 46. Kg1 Qe2 47. Rb1 g4 48. hxg4 hxg4 49. fxg4 Kg5 50. Rb7 Qe1+ ({Worse is} 50... Qxg4 51. Rg7+ Kh5 52. Rxg4 Kxg4 53. Kf2 $11) 51. Kh2 Qg3+ 52. Kh1 f3 {[%emt 0:00:02] Artfully played by Kanli.   Weighted Error Value: White=0.96/Black=0.20 (precise)} ({Inferior is} 52... Kxg4 53. Rg7+ Kh5 54. Rxg3 fxg3 55. Kg1 $11) 0-1

[Event "10th Cherry Blossom Classic 2023"]
[Site "Dulles"]
[Date "2023.05.27"]
[Round "5.20"]
[White "Ling, Evan"]
[Black "ADU, Oladapo"]
[Result "1-0"]
[ECO "D37"]
[WhiteElo "1952"]
[BlackElo "2081"]
[Annotator "TA"]
[PlyCount "97"]
[EventDate "2023.05.24"]
[EventType "swiss"]
[EventCountry "USA"]
[SourceTitle "playchess.com"]
[Source "ChessBase"]
[SourceQuality "1"]
[TimeControl "5400+30"]

1. d4 d5 2. c4 e6 3. Nc3 a6 4. cxd5 exd5 5. Nf3 Nf6 6. Bg5 {[%emt 0:00:51] D37: Queen's Gambit Declined: 5 Bf4.} c6 7. e3 Be7 (7... h6 $5 8. Bf4 Bf5 $11) 8. Bd3 $1 {[%emt 0:00:11] White is slightly better. The main line 8.Bd3 scores better than 8.Qc2.} O-O 9. h3 Re8 10. O-O Nbd7 11. Bf4 Nf8 12. Qc2 Ng6 13. Bg3 Bd6 14. Bxd6 Qxd6 {[%emt 0:00:02] [#]} 15. a3 $146 ({Predecessor:} 15. Rab1 Qe7 16. b4 Ne4 17. a4 Bf5 18. b5 axb5 19. axb5 Ra3 20. Bxe4 dxe4 21. Nd2 Nh4 22. Ne2 Rd3 23. Nc4 cxb5 24. Ne5 Rc8 {1-0 Sarana,A (2675)-Oganian,M (2437) Titled Tuesday intern op 12th Apr Early blitz 2022 (11)}) 15... Qe7 16. Ng5 Nf8 17. b4 h6 18. Nf3 Ne4 19. Na4 Ng6 20. Nc5 f5 (20... Qf6 {is interesting.} 21. Kh2 b6 22. Na4 Rb8) 21. g3 Nh8 22. Kg2 (22. Ne5 Nf7 $11) 22... Nf7 23. h4 g6 24. Be2 ({White should play} 24. Rh1 $16) 24... Ned6 (24... g5 $11) 25. Rh1 $16 Kg7 26. Nd3 {[%emt 0:03:59] White has more active pieces.} Nc4 27. Nf4 Be6 28. Bd3 Qf6 29. h5 g5 30. Nxe6+ {[%emt 0:00:33][%mdl 64] Remove Defender} Qxe6 31. Bxf5 Qf6 32. Nh2 {[%emt 0:04:52] Hoping for Ng4.} Nfd6 33. Bd3 Rxe3 {[%emt 1:02:11][%cal Oa8f8] [#]} 34. Bxc4 (34. Rae1 $1 $16 Rxe1 35. Rxe1) 34... Nxc4 $11 35. Rhe1 (35. Ng4 $2 Qf3+ 36. Kh3 Re4 $19) 35... Re6 (35... Rxa3 36. Ng4 Qd6 37. Rxa3 Nxa3 38. Qf5 $16) (35... Ree8 {simplifies} 36. Qd3 Qf7 37. Qf3 Qxf3+ 38. Kxf3 Nd6) 36. Ng4 Qf7 37. Rxe6 Qxe6 {[%emt 0:00:01] [#]} 38. Re1 $1 {[%emt 0:02:01][%mdl 64] Deflection} Qxe1 39. Qg6+ Kf8 $1 40. Qf6+ $1 Ke8 (40... Kg8 $2 41. Nxh6+ (41. Qg6+ Kf8 $11) 41... Kh7 42. Qg6+ Kh8 43. Nf7#) 41. Qh8+ Ke7 42. Qxa8 {[%emt 0:00:04][%mdl 4096] Endgame KQN-KQN} Qe4+ (42... Nxa3 43. Qxb7+ Kd6 44. Qb8+ (44. Qxa6 Nb5 $16) 44... Ke7 45. Qb7+ Ke8 46. Nf6+ Kf8 47. Qc8+ Kf7 48. Qg8+ (48. Qxc6 Qe6 $16) (48. Qxa6 Nc4 $16) 48... Kxf6 49. Qf8+ Ke6 50. Qe8+ {[%mdl 64] Skewer, Double Attack} (50. Qxh6+ Kd7 $16) 50... Kd6 51. Qxe1 $18) 43. f3 Qe2+ (43... Qxd4 $2 44. Qxb7+ (44. Nxh6 Qb2+ 45. Kh3 Nd6 $16) 44... Kd8 45. Qxc6 $16 (45. Nxh6 Qd3 $16)) 44. Kh3 Qf1+ (44... Nxa3 $2 45. Qxb7+ Ke6 46. Ne5 $18) 45. Kh2 Nd6 (45... Nxa3 $2 46. Qxb7+ Ke6 47. Nxh6 Qf2+ 48. Kh3 g4+ 49. Kxg4 Qxd4+ 50. f4 Qd1+ 51. Kg5 $18) 46. Qh8 Qe2+ 47. Kh3 Qf1+ 48. Kh2 Kd7 $2 (48... Qe2+ $11 {and Black is okay.} 49. Kh3 Qf1+ 50. Kh2) 49. Qe5 $2 {[%mdl 32768] An entertaining game by Ling.   Weighted Error Value: White=0.11 (very precise) /Black=0.24 (precise) . Loss on time!?} ({Worse is} 49. Nxh6 Qf2+ 50. Kh3 Qxf3 $11) ({Inferior is} 49. Qxh6 Qe2+ 50. Kh3 Qf1+ 51. Kh2 Qe2+ 52. Kh3 Qf1+ 53. Kh2 $11) ({Only move:} 49. Ne5+ $18 Kc7 50. Qxh6) 1-0

[Event "10th Cherry Blossom Classic 2023"]
[Site "Dulles"]
[Date "2023.05.28"]
[Round "5.21"]
[White "Su, Kevin"]
[Black "Michelle Catherina, P."]
[Result "1/2-1/2"]
[ECO "C55"]
[WhiteElo "2038"]
[BlackElo "2193"]
[Annotator "TA"]
[PlyCount "101"]
[EventDate "2023.05.24"]
[EventType "swiss"]
[EventCountry "USA"]
[SourceTitle "playchess.com"]
[Source "ChessBase"]
[SourceQuality "1"]
[TimeControl "5400+30"]

1. e4 e5 2. Nf3 Nc6 3. Bc4 Nf6 4. d3 Bc5 5. O-O O-O 6. c3 d5 7. exd5 Nxd5 8. Re1 Bg4 9. h3 Bh5 10. Nbd2 Nb6 11. Bb5 Bd6 12. Ne4 {[%emt 0:03:43] C55: Two Knights: 4 d3, 4 d4 exd4 5 e5 and Max Lange Attack.} f5 13. Ng3 Bxf3 14. Qxf3 Qd7 $1 15. a4 {[%emt 0:06:37] And now a5 would win.} a6 16. Bxc6 bxc6 17. Bd2 (17. a5 $11 Nd5 18. Nf1) 17... Rae8 (17... e4 $1 $17 18. Qe2 Bxg3 19. fxg3 exd3) 18. a5 $11 Nd5 {[%emt 0:07:52] [#]} 19. c4 $146 {[%emt 0:06:16][%mdl 2048] White is pushing.} ({Predecessor:} 19. Nf1 Re6 20. Rad1 Qe8 21. c4 Ne7 22. d4 e4 23. Qb3 c5 24. dxc5 Bxc5 25. Be3 {0-1 Ashton,A (2395)-Blagojevic,D (2518) Salento op 3rd 2014 (9)}) 19... Nb4 {[%emt 0:04:36] White must now prevent ...Nc2.} 20. d4 $2 exd4 $2 (20... e4 $17 21. Qb3 Rb8 22. c5+ Nd5) 21. Rxe8 Qxe8 22. Qb3 (22. c5 $5 Bxg3 23. fxg3 $14) 22... c5 {[%emt 0:05:18] Threatens to win with ...f4.} 23. Bxb4 {[%emt 0:00:57] Bd2 would be deadly.} Qb8 {[%emt 0:05:06][%mdl 64] Pin} 24. Ne2 Be5 {[%emt 0:12:09] [#]} (24... Qxb4 $11 {keeps the balance.} 25. Qxb4 cxb4) 25. Qf3 $1 $16 cxb4 26. Qd5+ Kh8 27. Qxe5 Re8 {[%emt 0:00:01] [#]} 28. Qxd4 Rxe2 {[%emt 0:00:03][%mdl 4096] Endgame KQR-KQR} 29. Rd1 (29. b3 $16) 29... h6 $1 $11 30. b3 Qe8 31. Qc5 (31. Qd8 {simplifies} Kh7 32. Qxe8 Rxe8 33. Kf1) 31... Qe5 $1 32. Qxb4 c5 33. Qb7 (33. Qb6 $5 Re1+ $8 34. Rxe1 Qxe1+ 35. Kh2 Qxf2 36. Qe6 $11 (36. Qxa6 Qf4+ 37. g3 Qf2+ 38. Kh1 Qf1+ 39. Kh2 Qf2+ 40. Kh1 Qf1+ 41. Kh2 Qf2+ $11)) 33... Re1+ 34. Rxe1 Qxe1+ {[%emt 0:00:00] KQ-KQ} 35. Kh2 Qxf2 36. Qb8+ (36. Qxa6 $5 Qf4+ $8 37. g3 Qf2+ 38. Kh1 $11) 36... Kh7 37. Qg3 $2 {[%emt 0:00:03][%mdl 8192] [#]} (37. Qc7 $11 {and White stays safe.}) 37... Qd2 $2 ({Black should try} 37... Qxg3+ $1 $19 38. Kxg3 Kg6) 38. Qe5 {[%emt 0:00:30][%csl LRc5,LRf5] The position is equal.} Qxa5 39. Qxf5+ Kg8 40. Qe6+ Kh7 41. h4 Qc7+ 42. g3 a5 43. Kh3 h5 44. g4 hxg4+ 45. Kxg4 g6 46. Qe8 Qb7 47. Qe3 Qg2+ 48. Qg3 Qe4+ 49. Qf4 Qg2+ 50. Qg3 Qe4+ 51. Qf4 {[%emt 0:01:03] Weighted Error Value: White=0.35/Black=0.39} 1/2-1/2

[Event "10th Cherry Blossom Classic 2023"]
[Site "Dulles"]
[Date "2023.05.28"]
[Round "5.22"]
[White "Diao, Matthew Guo"]
[Black "Martin, Sam B"]
[Result "1-0"]
[ECO "D47"]
[WhiteElo "1973"]
[BlackElo "2067"]
[Annotator "TA"]
[PlyCount "55"]
[EventDate "2023.05.24"]
[EventType "swiss"]
[EventCountry "USA"]
[SourceTitle "playchess.com"]
[Source "ChessBase"]
[SourceQuality "1"]
[TimeControl "5400+30"]

1. d4 d5 2. c4 e6 3. Nc3 c6 4. e3 Nf6 5. Nf3 Nbd7 6. Bd3 dxc4 7. Bxc4 b5 8. Bd3 Bb7 9. e4 b4 $1 10. Na4 {[%emt 0:00:10] D47: Semi-Slav: Meran System.} Rc8 11. e5 Nd5 12. Ng5 $1 {[%emt 0:20:30][%cal Og5e6] White is slightly better.} Be7 13. Ne4 {[%emt 0:22:58] [#]} Qa5 $146 ({Predecessor:} 13... O-O 14. Qg4 f5 15. exf6 N7xf6 16. Qxe6+ Kh8 17. O-O Rc7 18. Ng5 Bc8 19. Qe2 Bd6 {½-½ Borchert,S (1920)-Schmidt,J (2037) GER HS-166 email 2014}) 14. O-O c5 (14... O-O $14) 15. Naxc5 $16 Nxc5 16. dxc5 Bxc5 17. Qg4 g6 (17... Kf8 $16) 18. Bg5 {[%emt 0:13:55] Qh4 would be deadly.} h6 19. Bf6 Nxf6 20. Nxf6+ Ke7 21. Bxg6 $1 Qc7 {[%emt 0:27:21] [#]} (21... fxg6 $142 22. Qxg6 Rhf8) 22. Qh4 $2 Qxe5 $11 23. Nh7+ Kd7 $2 {[%emt 0:02:54] [#]} (23... f6 $11 {and Black stays safe.} 24. Rad1 Rhg8 25. Qxh6 (25. Rfe1 Rcd8 $11) 25... Bd5) 24. Rfe1 ({White should try} 24. Rae1 $1 $18 Qg7 25. Nf6+ Kc7 26. Qf4+ Kb6 27. Nd7+ Ka5 28. Nxc5 (28. Bxf7 $2 Qxg2#) (28. Qxf7 Qxf7 29. Bxf7 Bd4 $14) 28... Rxc5 29. Qxf7) 24... Be7 $2 (24... Qxb2 $14 25. Nf6+ Kc7) 25. Rad1+ $18 ({Less strong is} 25. Qxh6 Bg5 26. Qxg5 (26. Rad1+ Kc7 $18) 26... Qxg5 27. Nxg5 fxg6 28. Rxe6 Rhg8 29. Rd1+ Kc7 $18) 25... Bd5 26. Qh3 ({Inferior is} 26. Rxe5 Bxh4 27. Be4 (27. Bxf7 Kc7 $17) 27... Be7 $11) 26... Qd6 (26... Qxe1+ 27. Rxe1 fxg6) 27. Bxf7 Rxh7 {[%emt 0:01:18] [#]} 28. Rxd5 $1 {[%emt 0:00:31][%mdl 576] Remove Defender, Decoy. Magnificent play by Diao!   Weighted Error Value: White=0.41/Black=0.97} 1-0

[Event "10th Cherry Blossom Classic 2023"]
[Site "Dulles"]
[Date "2023.05.28"]
[Round "5.23"]
[White "Shoykhet, Benjamin"]
[Black "Baim, Elvin"]
[Result "1-0"]
[ECO "D78"]
[WhiteElo "1919"]
[BlackElo "1728"]
[Annotator "RC"]
[PlyCount "53"]
[EventDate "2023.05.24"]
[EventType "swiss"]
[EventCountry "USA"]
[SourceTitle "playchess.com"]
[Source "ChessBase"]
[SourceQuality "1"]
[TimeControl "5400+30"]

1. c4 Nf6 2. g3 g6 3. Bg2 Bg7 4. Nf3 O-O 5. O-O c6 6. d4 d5 7. b3 Bd7 8. Nbd2 Qc8 9. Ba3 Re8 10. Re1 Bh3 11. Bh1 Qg4 12. Qc2 Qh5 13. e4 dxe4 14. Nxe4 Bf5 15. Ne5 Ng4 16. Nxg4 Qxg4 17. Qd2 Bxe4 18. Rxe4 Qd7 19. Rae1 e6 20. h4 Na6 21. h5 Nc7 22. h6 Bh8 23. Bb2 f5 24. Re5 Bxe5 25. Rxe5 Qf7 26. Qc3 Kf8 27. Qb4+ 1-0

[Event "10th Cherry Blossom Classic 2023"]
[Site "Dulles"]
[Date "2023.05.28"]
[Round "5.24"]
[White "Hu, Merric"]
[Black "Tahmassebi, Bijan"]
[Result "1/2-1/2"]
[ECO "C84"]
[WhiteElo "2022"]
[BlackElo "2201"]
[Annotator "TA"]
[PlyCount "83"]
[EventDate "2023.05.24"]
[EventType "swiss"]
[EventCountry "USA"]
[SourceTitle "playchess.com"]
[Source "ChessBase"]
[SourceQuality "1"]
[TimeControl "5400+30"]

1. e4 e5 2. Nf3 Nc6 3. Bb5 a6 4. Ba4 Nf6 5. d3 d6 6. c3 Be7 7. O-O O-O 8. Re1 b5 9. Bc2 Re8 10. a4 {[%emt 0:00:45] C84: Closed Ruy Lopez: Unusual White 6th moves.} Rb8 11. h3 Bf8 {[%emt 0:00:47] [#]} 12. d4 $146 {[%emt 0:01:09] White is slightly better.} ({Predecessor:} 12. Be3 Bd7 13. axb5 axb5 14. Nbd2 Ne7 15. d4 Ng6 16. b4 Qc8 17. dxe5 Nxe5 18. Nxe5 dxe5 {1-0 Sardy,P (2350)-Gergacz,B (2036) HUN-chT2 Szechenyi 1213 2012 (3.2)}) 12... b4 13. a5 bxc3 14. Nxc3 h6 15. Ba4 Bd7 16. d5 Na7 (16... Nb4 $11) 17. Be3 $14 Nb5 18. Nxb5 Bxb5 19. Qc2 Qd7 20. Bxb5 Qxb5 21. Ra2 (21. Qxc7 $2 Rec8 22. Qa7 Rb7 $19) 21... Nd7 22. Nd2 (22. Qxc7 $2 {perishes.} Rec8 23. Qa7 Rb7 $19) 22... f5 {[%emt 0:02:03] [#] Strongly threatening ...f4.} 23. f3 Be7 24. Rc1 (24. exf5 Nf6 $17) (24. Qxc7 $2 {is the wrong capture.} Rec8 $19) 24... fxe4 25. fxe4 ({Reject} 25. Qxe4 Nf6 26. Qg6 Qxd5 27. Bxh6 Qf7 28. Qxf7+ Kxf7 $17) 25... Qe2 26. Nf1 Qxc2 27. Rxc2 Nc5 28. Nd2 Rb5 29. Bxc5 dxc5 30. Nc4 Bd6 31. Ra3 {[%emt 0:05:31] White is better.} Rf8 32. Re3 Rb4 33. b3 Rbb8 34. Rf2 Rf6 35. Kf1 Kf7 36. Ke2 {[%emt 0:01:01] White is more active.} Ke7 37. Rff3 Rbf8 38. Rxf6 gxf6 39. Rf3 Rg8 40. Kf2 Kf7 41. Rg3 {[%emt 0:03:07] [#] Rxg8 is the strong threat.} Rb8 42. Rf3 {[%emt 0:01:05] Weighted Error Value: White=0.08 (flawless) /Black=0.09 (flawless)} (42. Rc3 $16) 1/2-1/2

[Event "10th Cherry Blossom Classic 2023"]
[Site "Dulles"]
[Date "2023.05.28"]
[Round "6.1"]
[White "Burke, John M"]
[Black "Nyzhnyk, Illya"]
[Result "1/2-1/2"]
[ECO "C42"]
[WhiteElo "2583"]
[BlackElo "2644"]
[Annotator "TA"]
[PlyCount "49"]
[EventDate "2023.05.24"]
[EventType "swiss"]
[EventCountry "USA"]
[SourceTitle "playchess.com"]
[Source "ChessBase"]
[SourceQuality "1"]
[TimeControl "5400+30"]

1. e4 e5 2. Nf3 Nf6 3. Nxe5 d6 4. Nf3 Nxe4 5. Nc3 Nxc3 6. dxc3 Be7 7. Be3 O-O 8. Qd2 {[%emt 0:00:00] C42: Petroff Defence: 3 Nxe5 and unusual White 3rd moves.} Nd7 9. O-O-O Nf6 $1 {[%emt 0:00:06] The main line 9...Nf6 scores better than 9...c6.} 10. Bd3 c5 11. h4 Qa5 12. a3 d5 {[%emt 0:02:44] [#]} 13. c4 $146 ({Predecessor:} 13. Bg5 c4 14. Be2 Rd8 15. Qe3 Bc5 16. Qf4 Bd6 17. Qd4 Bc5 18. Qf4 Bd6 19. Qd4 Bc5 20. Qf4 {½-½ Gavrilescu,D (2454)-Bacrot,E (2669) Bundesliga 1920 2019 (5.4)}) 13... Qxd2+ 14. Rxd2 d4 15. Bf4 h6 16. Re2 Re8 17. Rhe1 Be6 18. Ne5 {[%emt 0:00:00][%cal Oe5f7] Nxf7! is the strong threat.} Bd6 19. Ng6 Red8 (19... Bxf4+ $11 20. Nxf4 Bd7) 20. f3 (20. b4 $14) 20... fxg6 $11 {[%emt 0:02:10] The position is equal.} 21. Bxd6 Rxd6 22. Rxe6 Rxe6 23. Rxe6 {[%emt 0:00:00][%cal Oe6e7] [#] Hoping for Re7!} Kf7 {[%emt 0:00:04] Against Re7+} 24. Re5 b6 25. Kd2 {[%emt 0:00:00] Weighted Error Value: White=0.08 (flawless) /Black=0.05 (flawless)} 1/2-1/2

[Event "10th Cherry Blossom Classic 2023"]
[Site "Dulles"]
[Date "2023.05.28"]
[Round "6.3"]
[White "Khanin, Semen"]
[Black "Antipov, Mikhail Al."]
[Result "1/2-1/2"]
[ECO "E49"]
[WhiteElo "2566"]
[BlackElo "2588"]
[Annotator "TA"]
[PlyCount "41"]
[EventDate "2023.05.24"]
[EventType "swiss"]
[EventCountry "USA"]
[SourceTitle "playchess.com"]
[Source "ChessBase"]
[SourceQuality "1"]
[TimeControl "5400+30"]

1. d4 Nf6 2. c4 e6 3. Nc3 Bb4 4. e3 O-O 5. Bd3 d5 6. a3 Bxc3+ 7. bxc3 dxc4 8. Bxc4 c5 9. Ne2 Qc7 10. Ba2 b6 11. O-O Ba6 12. Re1 Nc6 13. Ng3 Rad8 {[%emt 0:03:11] E49: Nimzo-Indian: Rubinstein: 5 Bd3 d5 6 a3 Bxc3+ 7 bxc3.} 14. Bb2 e5 15. d5 Na5 {[%emt 0:05:22] White is slightly better.} 16. e4 Ne8 {[%emt 0:09:27] [#]} 17. Qh5 $146 ({Predecessor:} 17. Qg4 Nd6 18. Rad1 Qd7 19. Qh5 Qa4 20. Nf5 Nxf5 21. exf5 Rd6 22. f6 Rxf6 23. Bb1 {½-½ Haimovich,T (2447)-Berg,E (2593) EU-Cup 23rd Kemer 2007 (7.1)}) 17... Bc4 {[%emt 0:06:14] The position is equal.} 18. a4 f6 19. Bxc4 Nxc4 20. Bc1 Ned6 21. Qe2 {[%emt 0:00:00] Weighted Error Value: White=0.06 (flawless) /Black=0.09 (flawless)} 1/2-1/2